 Dungeon Crawl Stone Soup version 0.17-a0-1805-g6093636 (webtiles) character file.

58 Gallahalt the Ducker (level 3, -7/27 HPs)
             Began as a Demonspawn Gladiator on Sept 12, 2015.
             Mangled by Sigmund
             ... wielding a +0 scythe
              (8 damage)
             ... on level 2 of the Dungeon.
             The game lasted 00:09:49 (1234 turns).

Gallahalt the Ducker (Demonspawn Gladiator)         Turns: 1234, Time: 00:09:49

Health: -7/27      AC:  6    Str: 16    XL:     3   Next: 75%
Magic:  3/3        EV: 13    Int:  9    God:
Gold:   81         SH:  0    Dex: 13    Spells: 0 memorised, 2 levels left

rFire  . . .     SeeInvis .     a - +0 flail
rCold  . . .     Clarity  .     b - +0 leather armour
rNeg   . . .     SustAt   .     (no shield)
rPois  .         Gourm    .     c - +0 helmet
rElec  .         Spirit   .     (no cloak)
rCorr  .         Warding  .     (no gloves)
rMut   .         Stasis   .     (no boots)
MR     .....                    (no amulet)
Stlth  +.........               (no ring)
                                (no ring)

@: not resistant to hostile enchantments, very unstealthy
A: hooves 1, thin metallic scales 1
a: no special abilities


You were on level 2 of the Dungeon.
You were not hungry.

You visited 1 branch of the dungeon, and saw 2 of its levels.

You collected 81 gold pieces.

Inventory:

Hand weapons
 a - a +0 flail (weapon)
 p - a +1 hunting sling of flaming
Missiles
 d - 2 throwing nets (quivered)
 f - 55 stones
Armour
 b - a +0 leather armour (worn)
 c - a +0 helmet (worn)
 k - a +0 ring mail
Scrolls
 l - a scroll of random uselessness {unknown}
 m - a scroll of identify {unknown}
Potions
 g - a potion of agility {unknown}
 h - a potion of lignification
 i - a potion of haste
Comestibles
 e - 3 bread rations
 j - 2 fruits
 o - a meat ration


   Skills:
 + Level 2.1 Fighting
 + Level 3.1 Maces & Flails
 + Level 1.8 Throwing
 + Level 1.0 Armour
 + Level 3.5 Dodging
 + Level 0.2 Stealth


You had 2 spell levels left.
You didn't know any spells.

Dungeon Overview and Level Annotations

Branches:
Dungeon (2/15)

Altars:

Annotations:
D:2 Sigmund


Innate Abilities, Weirdness & Mutations

You have large cloven feet.
You are partially covered in thin metallic scales (AC +2).


Message History

You closely miss Natasha.
The goblin shouts!
You kick Natasha, but do no damage.
Natasha stares at you and mumbles some strange words.
The magic dart hits you! Natasha claws you!
You hit Natasha. Your kick misses Natasha.
Natasha is moderately wounded.
Natasha barely misses you.
You hit Natasha. Your kick misses Natasha.
Natasha is heavily wounded.
Natasha stares at thin air and mumbles some strange words.
A cloud of flames roars to life!
Something barely misses you.
You thump Natasha!
You kill Natasha!
Natasha screams in pain as she dies!
Your Armour skill increases to level 1!
Something hits you!
* * * LOW HITPOINT WARNING * * *
Something hits you!
You die...

#.#####.......# #.#
#######.# #.# #.# #.# #.#
#.# #######.###
#######.#####.........#
.....g...§..#.........#
#######.###.#.........###
........@................
#######...#.#.........###
###.#.#..........# .#
#..........# .#
#...........#
.#.#.........#.#
##..†)########.. ####.#
#.
#.##.#########.#########.


You could see a goblin.

Vanquished Creatures
  Natasha (D:2)
  An adder (D:2)
  A giant gecko (D:2)
  3 bats
  3 goblins
  5 hobgoblins (D:1)
  2 ball pythons
  A giant cockroach (D:1)
  3 giant newts
  3 kobolds (D:1)
  A rat (D:1)
24 creatures vanquished.

Notes
Turn   | Place    | Note
--------------------------------------------------------------
     0 | D:1      | Gallahalt the Demonspawn Gladiator began the quest for the Orb.
     0 | D:1      | Reached XP level 1. HP: 16/16 MP: 1/1
   238 | D:1      | Reached skill level 3 in Dodging
   284 | D:1      | Gained mutation: You have large cloven feet. [demonic ancestry]
   284 | D:1      | Reached XP level 2. HP: 19/22 MP: 2/2
   933 | D:2      | Gained mutation: You are partially covered in thin metallic scales (AC +2). [demonic ancestry]
   933 | D:2      | Reached XP level 3. HP: 25/27 MP: 3/3
  1223 | D:2      | Noticed Natasha
  1225 | D:2      | Noticed Sigmund
  1231 | D:2      | Killed Natasha
  1231 | D:2      | Reached skill level 1 in Armour
  1231 | D:2      | HP: 1/27 [something (12)]
  1234 | D:2      | Mangled by Sigmund

Vault maps used:
D:1:      minmay_arrival_nine_rooms
D:2:      grunt_gozag_breadcrumbs, uniq_robin, uniq_natasha, uniq_sigmund

Action                   || total
-------------------------++-------
Melee: Flail             ||    86
Throw: Throwing net      ||     2
  Use: Potion            ||     3
  Eat: Meat ration       ||     1
